 Dungeon Crawl Stone Soup version 0.21-a0-170-g0398fc9 (webtiles) character file.

4906 tehllama the Geomancer (level 10, -4/57 HPs)
             Began as a Gargoyle Earth Elementalist on Aug 7, 2017.
             Was an Elder of Vehumet.
             Slain by a killer bee (12 damage)
             ... on level 8 of the Dungeon.
             The game lasted 00:19:53 (10489 turns).

tehllama the Geomancer (GrEE)                      Turns: 10489, Time: 00:19:53

Health: -4/57      AC: 12    Str: 12    XL:     10   Next: 51%
Magic:  14/34      EV: 13    Int: 23    God:    Vehumet [****..]
Gold:   325        SH:  0    Dex: 10    Spells: 11/21 levels left

rFire    . . .     SeeInvis +   c - staff of power
rCold    . . .     Gourm    .   (no shield)
rNeg     + . .     Faith    .   D - +1 robe of the Sun {*Drain rPois Int+4}
rPois    ∞         Spirit   .   b - +1 helmet {SInv}
rElec    +         Reflect  .   (no cloak)
rCorr    +         Harm     .   (no gloves)
MR       .....                  (no boots)
Stlth    ++........             (no amulet)
HPRegen  0.19/turn              g - ring of resist corrosion
MPRegen  0.24/turn              (no ring)

@: no status effects
A: negative energy resistance 1, electricity resistance, unbreathing,
petrification resistance, rot immunity, AC +7
a: Renounce Religion


You were on level 8 of the Dungeon.
You worshipped Vehumet.
Vehumet was greatly pleased with you.
You were near starving.

You visited 2 branches of the dungeon, and saw 9 of its levels.

You collected 417 gold pieces.
You spent 92 gold pieces at shops.

Inventory:

Hand Weapons
 z - a +0 whip
Missiles
 x - 163 stones (quivered)
Armour
 b - a +1 helmet of see invisible (worn)
 t - a +0 large shield
 y - a +0 robe of magic resistance
 D - the +1 robe of the Sun (worn) {*Drain rPois Int+4}
   (You found it on level 7 of the Dungeon)

   It affects your intelligence (+4).
   It protects you from poison.
   It causes draining when unequipped.
Magical Staves
 c - an uncursed staff of power (weapon)
Jewellery
 g - a ring of resist corrosion (left hand)
 B - an uncursed ring of see invisible {unknown}
Wands
 A - a wand of disintegration (15/24)
 C - a wand of polymorph (12/24)
 E - a wand of clouds (6/9)
Scrolls
 j - 5 scrolls of remove curse
 l - a scroll of noise {unknown}
 m - 7 scrolls of identify {unknown}
 n - 2 scrolls of immolation {unknown}
 q - 2 scrolls of enchant armour {unknown}
 r - 2 scrolls of teleportation
 u - 5 scrolls of amnesia {unknown}
 G - a scroll of enchant weapon {unknown}
Potions
 a - 2 potions of curing {unknown}
 h - a potion of resistance {unknown}
 k - 2 potions of invisibility {unknown}
 p - a potion of heal wounds {unknown}
 s - a potion of agility {unknown}
 v - a potion of haste {unknown}
 F - a potion of flight {unknown}
Books
 e - a book of Geomancy

   Spells                             Type                      Level
   a - Sandblast                      Earth                        1
   b - Passwall                       Transmutation/Earth          2
   c - Stone Arrow                    Conjuration/Earth            3
   d - Petrify                        Transmutation/Earth          4
   e - Lee's Rapid Deconstruction     Earth                        5
 w - a book of Cantrips

   Spells                             Type                      Level
   a - Confusing Touch                Hexes                        1
   b - Animate Skeleton               Necromancy                   1
   c - Summon Small Mammal            Summoning                    1
   d - Apportation                    Translocation                1
Comestibles
 d - 8 bread rations
 f - 5 meat rations
 i - 7 fruits


   Skills:
 + Level 4.2 Fighting
 + Level 3.5 Maces & Flails
 + Level 4.4 Armour
 + Level 3.5 Dodging
 - Level 2.1 Stealth
 + Level 4.0 Shields
 + Level 6.1 Spellcasting
 + Level 6.1 Conjurations
   Level 0.7 Transmutations
 * Level 5.2 Fire Magic
 + Level 8.1 Earth Magic
 + Level 2.7 Evocations


You had 11 spell levels left.
You knew the following spells:

 Your Spells              Type           Power        Failure   Level  Hunger
a - Sandblast             Erth           #####.       1%          1    None
b - Stone Arrow           Conj/Erth      #####.       1%          3    #......
c - Lee's Rapid Deconstr  Erth           #####.....   2%          5    #####..
d - Flame Tongue          Conj/Fire      ####.        1%          1    None


Dungeon Overview and Level Annotations

Branches:
Dungeon (8/15)             Temple (1/1) D:7            Lair (0/6) D:8

Altars:
Ashenzari
Cheibriados
Dithmenos
Elyvilon
Fedhas
Gozag
Hepliaklqana
Makhleb
Nemelex Xobeh
Okawaru
Qazlal
Ru
Sif Muna
Trog
Uskayaw
Vehumet
Wu Jian
Xom
Yredelemnul
Zin
The Shining One

Shops:
D:5 *


Innate Abilities, Weirdness & Mutations

You are resistant to torment.
Your stone body is resilient. (AC +7)
You are immune to poison.
You resist negative energy. (rN+)
You are resistant to electric shocks. (rElec)
You can survive without breathing.
You are immune to petrification.
You are immune to rotting.


Message History

The queen bee calls on the killer bee to defend it!
The killer bee goes berserk!
The killer bee closely misses you.
You hear an angry buzzing noise.
The killer bee misses you. The killer bee closely misses you.
The killer bee stings you but does no damage.
You hear an angry buzzing noise.
The killer bee misses you.
You hear an angry buzzing noise.
The killer bee stings you but does no damage.
The killer bee barely misses you.
The killer bee rages.
The killer bee stings you but does no damage.
The killer bee stings you!
* * * LOW HITPOINT WARNING * * *
The killer bee barely misses you.
The killer bee rages.
The killer bee stings you but does no damage.
The killer bee rages.
The killer bee completely misses you. The killer bee stings you!
You die...

..# ### #### #.# ..# ...# #.# #.#
##.# #.# #.# # #.# #.# #.# .##.#
#.# #.# #.###.###.....# ##.# #.#
#......y†y††.#
...######.############y####††...#
#...............@yyyy..# .....
#........<.############# .###
#..........# .. #..........# ##
..#....<...# #.#........#
#..........# ##......####
#.#..#...#


You could see a queen bee and 4 killer bees.

Vanquished Creatures
  An ugly thing (D:7)
  Grinder (D:4)
  A hippogriff (D:8)
  A wraith (D:7)
  Sigmund (D:4)
  A hungry ghost (D:7)
  2 hell hounds (D:8)
  A water moccasin (D:7)
  2 ice beasts
  An orc warrior (D:5)
  2 sky beasts
  A necrophage (D:6)
  2 phantoms
  3 ogres
  2 centaurs
  A bullfrog (D:6)
  A gnoll sergeant (D:5)
  A scorpion (D:5)
  12 killer bees (D:8)
  3 wights (D:8)
  5 howler monkeys
  A centaur zombie (D:5)
  4 crimson imps
  4 hounds
  A jelly (D:7)
  An orc priest (D:7)
  Crazy Yiuf (D:6)
  18 worker ants
  2 iguanas
  A killer bee zombie (D:6)
  A hound skeleton (D:6)
  Robin (D:3)
  A worker ant zombie (D:5)
  14 gnolls
  6 adders
  A shadow imp (D:5)
  An adder zombie (D:6)
  An adder skeleton (D:8)
  3 worms
  5 dart slugs
  A leopard gecko (D:5)
  19 orcs
  3 bats
  8 giant cockroaches
  14 goblins
  6 hobgoblins
  6 jackals
  2 quokkas
  8 frilled lizards
  2 jackal skeletons
  8 kobolds
  8 rats
  A butterfly (D:5)
198 creatures vanquished.

Notes
Turn   | Place    | Note
-------+----------+-------------------------------------------
     0 | D:1      | tehllama the Gargoyle Earth Elementalist began the quest for the Orb.
     0 | D:1      | Reached XP level 1. HP: 10/10 MP: 3/3
   565 | D:1      | Reached XP level 2. HP: 15/15 MP: 5/5
   629 | D:1      | Reached skill level 4 in Earth Magic
   973 | D:1      | Reached XP level 3. HP: 8/19 MP: 2/7
  1315 | D:1      | Learned a level 3 spell: Stone Arrow
  2026 | D:2      | Reached XP level 4. HP: 24/24 MP: 5/8
  2735 | D:3      | Found a radiant altar of Vehumet.
  2747 | D:3      | Reached skill level 1 in Conjurations
  2824 | D:3      | Became a worshipper of Vehumet
  2974 | D:3      | Noticed Robin
  2977 | D:3      | Reached XP level 5. HP: 28/28 MP: 4/10
  2996 | D:3      | Killed Robin
  3342 | D:3      | Learned a level 5 spell: Lee's Rapid Deconstruction
  3478 | D:4      | Reached skill level 5 in Earth Magic
  3515 | D:4      | Noticed Sigmund
  3593 | D:3      | Reached * piety under Vehumet
  3593 | D:3      | Offered knowledge of Flame Tongue by Vehumet.
  3599 | D:3      | Learned a level 1 spell: Flame Tongue
  3953 | D:4      | Killed Sigmund
  3953 | D:4      | Reached XP level 6. HP: 32/32 MP: 6/12
  4303 | D:4      | Noticed Grinder
  4307 | D:4      | Paralysed by Grinder for 5 turns
  4315 | D:4      | Killed Grinder
  4315 | D:4      | Reached skill level 1 in Fire Magic
  4315 | D:4      | Reached skill level 6 in Earth Magic
  4315 | D:4      | Reached XP level 7. HP: 34/36 MP: 7/14
  4560 | D:5      | Entered Level 5 of the Dungeon
  4649 | D:5      | Found Wikaerir's General Store.
  4657 | D:5      | Bought a +0 robe of magic resistance for 92 gold pieces
  4685 | D:5      | Found a runed door.
  4861 | D:5      | Found a runed door.
  4895 | D:5      | Reached skill level 1 in Armour
  4895 | D:5      | Reached XP level 8. HP: 22/42 MP: 0/15
  5209 | D:5      | Reached skill level 1 in Fighting
  5376 | D:5      | Reached skill level 5 in Spellcasting
  5617 | D:5      | Reached skill level 1 in Maces & Flails
  5739 | D:5      | Offered knowledge of Shock by Vehumet.
  5753 | D:5      | Reached ** piety under Vehumet
  5913 | D:5      | Reached skill level 1 in Shields
  5913 | D:5      | Reached skill level 7 in Earth Magic
  7077 | D:6      | Reached XP level 9. HP: 38/49 MP: 10/17
  7270 | D:6      | Reached skill level 5 in Conjurations
  7292 | D:5      | Offered knowledge of Ignite Poison by Vehumet.
  7652 | D:6      | Reached *** piety under Vehumet
  8495 | D:6      | Found a runed door.
  8499 | D:6      | Noticed Crazy Yiuf
  8505 | D:6      | Killed Crazy Yiuf
  8797 | D:7      | Reached skill level 1 in Evocations
  9010 | D:7      | Noticed a green ugly thing
  9019 | D:7      | Killed a green ugly thing
  9024 | D:7      | Got a heavy robe
  9035 | D:7      | Identified the +1 robe of the Sun {*Drain rPois Int+4} (You found it on level 7 of the Dungeon)
  9250 | D:7      | Offered knowledge of Olgreb's Toxic Radiance by Vehumet.
  9619 | D:7      | Reached XP level 10. HP: 52/56 MP: 16/18
  9698 | D:7      | Found a staircase to the Ecumenical Temple.
  9708 | Temple   | Entered the Ecumenical Temple
  9851 | D:8      | Reached skill level 8 in Earth Magic
 10071 | D:8      | Found a staircase to the Lair.
 10179 | D:8      | Found a shattered altar of Ashenzari.
 10383 | D:8      | Reached skill level 5 in Fire Magic
 10481 | D:8      | Reached **** piety under Vehumet
 10489 | D:8      | Slain by a killer bee

Vault maps used:
D:1:      eino_arrival_water_star
D:3:      lemuel_round_altar, grunt_ministairs_8, uniq_robin, uniq_jessica,
          uniq_terence
D:4:      uniq_sigmund, uniq_grinder
D:5:      lemuel_insect_pit, first_bread, serial_shops, shop,
          kennysheep_generic_room_5
D:6:      serial_column_ruins, column_ruins_hut, column_ruins_hut_pillars,
          column_ruins_grid_1, column_ruins_open_tiny, column_ruins_open_small,
          column_ruins_grid_1, uniq_crazy_yiuf_cottage
D:7:      minmay_temple_entry_fiery, serial_bayou_crossing
D:8:      minmay_lair_entry_lava, special_room, david_nohive_1,
          nicolae_ashenzari_panopticon
Temple:   regret_index_temple_sigil_plot

Skill      XL: |  1  2  3  4  5  6  7  8  9 10 |
---------------+-------------------------------+-----
Earth Magic    | 4 5 6 7 8 |  8.1
Spellcasting   | 3 4 5 6 |  6.1
Conjurations   | 1 3 4 5 6 |  6.1
Fire Magic     | 1 2 3 4 5 |  5.2
Armour         | 1 2 3 4 |  4.4
Fighting       | 2 3 4 |  4.2
Maces & Flails | 2 3 |  3.5
Dodging        | 2 3 |  3.5
Shields        | 2 3 4 |  4.0
Evocations     | 1 2 |  2.7
Stealth        | |  2.1
Transmutations | |  0.7

Action                   |  1- 3 |  4- 6 |  7- 9 | 10-12 || total
-------------------------+-------+-------+-------+-------++-------
Melee: Unarmed           |    17 |       |       |       ||    17
       Club              |    60 |    69 |       |       ||   129
       Mace              |       |       |    39 |       ||    39
       Whip              |       |       |    90 |       ||    90
       Staff             |       |       |     1 |       ||     1
Throw: Stone             |       |     1 |       |       ||     1
 Cast: Sandblast         |    36 |    65 |    45 |       ||   146
       Stone Arrow       |       |     1 |    68 |    29 ||    98
       Flame Tongue      |       |       |   148 |    19 ||   167
       Lee's Rapid Decon |       |       |     1 |     5 ||     6
  Use: Scroll            |       |     2 |       |       ||     2
 Stab: Sleeping          |     1 |     1 |       |       ||     2
  Eat: Chunk             |     4 |     5 |    21 |     3 ||    33
       Royal jelly       |       |       |     1 |       ||     1
Armor: Robe              |    29 |    39 |   123 |    17 ||   208
Dodge: Dodged            |    89 |    80 |   226 |    40 ||   435
